Melon, chaotic male elven Priest --- ---------- . ........ |.----- -.....---- |.|.*(| |.....|..| |.|?!(| |.....-..| |.|?)"| |.....|..| |.|...| -+--.....----+--- --- | |.-|--- ---.....................| |.............{...[..{..........| |.--)-- ---....--|---...........| |.|.@.| ----.|.... ----+---- | |.|]@M| |.|....| |.|](.| +.|.._.| |.|(((| |.|....| |.------------.------ --------- | |...............................| --------------------------------- Melon the Adept Experience level: 6 Strength: 18 Dexterity: 13 Constitution: 12 Intelligence: 9 Wisdom: 17 Charisma: 10 Health: 0(42) Energy: 80(80) Def: 7 Gold: 0 Moves: 2031 Dungeon seed: XyTv9gRiCxWEW0B6 Game ID: Melon_1614990750 Your Inventory: Weapons a - a blessed +1 mace (weapon in hand) P - 3 +0 arrows Q - a blessed +0 bow (alternate weapon; not wielded) V - 11 +1 arrows (in quiver) Armor e - a +0 robe (being worn) n - a +0 small shield (being worn) o - a +0 dwarvish iron helm (being worn) Z - a +0 pair of iron shoes (being worn) Comestibles c - a clove of garlic d - a sprig of wolfsbane j - a food ration w - a slime mold C - a pancake D - a partly eaten food ration E - a tripe ration Scrolls v - a scroll of create monster X - a scroll of identify Spellbooks f - a spellbook of cure blindness g - a spellbook of identify Potions b - 4 potions of holy water p - a cursed potion of extra healing u - 3 potions of water x - a blessed potion of full healing L - a potion of object detection T - 2 potions of extra healing Rings y - a cursed ring of polymorph Wands k - a wand of enlightenment (0:10) l - a wand of death (0:6) Tools h - a wooden harp s - 2 tallow candles (0:200) F - a sack G - a credit card W - 4 wax candles (0:400) Gems i - an amethyst stone q - 3 worthless pieces of black glass r - 2 worthless pieces of violet glass t - a worthless piece of yellowish brown glass z - a jade stone N - a worthless piece of blue glass U - a worthless piece of red glass Y - 2 worthless pieces of orange glass Spells and supernatural/magical abilities: Name Level Category Fail Memory B - cure blindness 2 healing 43% 90% I - identify 3 divination 85% 90% W - pray for help -- divine ? -- X - turn undead -- divine ? -- Your skills at the end: Fighting Skills Weapon Skills mace [Basic] Spellcasting Skills clerical spells [Basic] Final Attributes: You were piously aligned. You were sleep resistant. You had infravision. You are dead. Vanquished creatures: a large mimic 2 small mimics a dwarf lord 6 gnome lords 2 gnomish wizards a gray ooze 5 dwarves 2 giant rats a green mold 18 gnomes a gecko 4 jackals a fox a kobold 5 grid bugs 3 lichens 4 newts 58 creatures vanquished. Voluntary challenges: You used a wielded weapon 74 times, starting on turn 2. You read items or engraved 2 times, starting on turn 446. You never genocided any monsters. You never polymorphed an object. You never changed form. You used no wishes. You never split a pudding. You never wrote Elbereth's name. You never violated your personal moral code. Dungeon overview: The Dungeons of Doom: levels 1 to 3 Level 1 a long staircase Level 2 a potion shop, a fountain stairs to The Gnomish Mines Level 3 a general store, a fountain The Gnomish Mines: levels 3 to 6 Level 3 stairs to The Dungeons of Doom Level 4 Level 6 <- You were here some shops, a temple to The Lady, some fountains History has recorded: On T:1 you entered the Dungeons of Doom to retrieve the Amulet of Yendor! On T:407 you reached level 2 of The Dungeons of Doom. On T:789 you reached level 3 of The Dungeons of Doom. On T:1073 you advanced to experience level 2. On T:1143 you advanced to experience level 3. On T:1170 you advanced to experience level 4. On T:1371 you reached level 1 of The Gnomish Mines. On T:1509 you advanced to experience level 5. On T:1623 you reached level 2 of The Gnomish Mines. On T:1757 you advanced to experience level 6. On T:1887 you reached level 4 of The Gnomish Mines. Score breakdown: Gold: 0 ( 0 points) Experience: 6 levels (12456 points) Exploration: 6 levels ( 12.50%) ( 9784 points) Discoveries: 8 items ( 2.80%) ( 5017 points) Valuables value: (no points given unless you survive) Artifact value: 0 ( 0 points) Variety of kills: 17 monsters ( 4.46%) ( 6336 points) Turncount: 2031 turns ( -23 points) Survival: died (score multiplied by 80%) Total score: 26856 Latest messages: You kill the large mimic! You see here a large mimic corpse (6 zorkmids). The gnome hits! You kill the gnome! You see here a dwarvish mattock. The gnome swings his bow. The gnome hits! You kill the gnome! You see here a large mimic corpse (6 zorkmids). You see here a sack (2 zorkmids). You see here a tin opener (40 zorkmids). You see here a sack (2 zorkmids). "For you, honored sir; only 2 for this sack." F - a sack (unpaid, 2 zorkmids). The gnome mummy hits! You see here a blindfold (26 zorkmids). The gnome mummy misses. You hit the gnome mummy! The gnome mummy hits! You begin praying to Offler. The gnome mummy hits! You die... Niskal takes all your possessions. The sack is empty. Final status: Goodbye Melon the Priest, killed by a gnome mummy, while praying... You died in The Gnomish Mines on dungeon level 6 with 26856 points, and 0 pieces of gold, after 2031 moves. You were level 6 with a maximum of 42 hit points when you died.